 Dungeon Crawl Stone Soup version 0.16-a0-2093-g8c923f7 (webtiles) character file.

306 wvc the Slasher (level 6, -7/41 HPs)
             Began as a Halfling Fighter on Nov 12, 2014.
             Killed by divine providence
             ... invoked by an orc priest
              (17 damage)
             ... on level 5 of the Dungeon.
             The game lasted 00:09:07 (3786 turns).

wvc the Slasher (Halfling Fighter)                  Turns: 3786, Time: 00:09:07

Health: -7/41      AC:  9    Str: 18    XL:     6   Next: 67%
Magic:  6/6        EV: 10    Int:  7    God:
Gold:   172        SH:  5    Dex: 14    Spells: 0 memorised, 5 levels left

rFire  . . .     SeeInvis .     a - +1 long sword
rCold  . . .     Clarity  .     b - +0 scale mail
rNeg   . . .     SustAb   .     c - +0 buckler
rPois  .         Gourm    .     (no helmet)
rElec  .         Spirit   .     j - +0 cloak
rCorr  .         Warding  .     (no gloves)
rMut   .         Stasis   .     s - +0 pair of boots
MR     .....                    (no amulet)
Stlth  ..........               (no ring)
                                (no ring)

@: not resistant to hostile enchantments, extremely unstealthy
A: mutation resistance 1
a: no special abilities


You were on level 5 of the Dungeon.
You were not hungry.

You visited 1 branch of the dungeon, and saw 5 of its levels.

You collected 172 gold pieces.

Inventory:

Hand weapons
 a - a +1 long sword (weapon)
Missiles
 l - 3 tomahawks (quivered)
Armour
 b - a +0 scale mail (worn)
 c - a +0 buckler (worn)
 g - a fire dragon hide
 j - a +0 cloak (worn)
 s - a +0 pair of boots (worn)
Jewellery
 r - an uncursed amulet of faith
Scrolls
 k - 2 scrolls of recharging
 m - a scroll of immolation
 n - a scroll of blinking
 t - a scroll of identify
 w - 4 scrolls of remove curse
Potions
 e - 2 potions of might
 i - a potion of curing
 o - a potion of cancellation {unknown}
 q - a potion of brilliance {unknown}
 u - a potion of agility {unknown}
 v - a potion of haste {unknown}
Books
 f - a book of Hinderance

   Spells                             Type                      Level
   Confusing Touch                    Hexes                        2
   Confuse                            Hexes                        3
   Petrify                            Transmutation/Earth          4
   Leda's Liquefaction                Hexes/Earth                  4
   Metabolic Englaciation             Hexes/Ice                    5
   Summon Mana Viper                  Hexes/Summoning              5
Comestibles
 d - 3 bread rations
 h - 3 meat rations


   Skills:
 - Level 2.6 Fighting
 * Level 6.2 Long Blades
 - Level 3.2 Armour
 - Level 2.0 Dodging
 - Level 3.2 Shields


You had 5 spell levels left.
You didn't know any spells.

Dungeon Overview and Level Annotations

Branches:
Dungeon (5/15)
 Temple: D:4-7

Altars:


Innate Abilities, Weirdness & Mutations

You are small and have problems with some larger weapons.
You are somewhat resistant to further mutation.


Message History

The orc priest invokes the aid of Beogh against you.
Something smites you!
You hit the orc priest but do no damage.
The orc priest is heavily wounded.
You block the orc priest's attack.
You closely miss the orc priest.
The orc priest is heavily wounded.
The orc priest calls down the wrath of Beogh upon you.
Something smites you!
You hit the orc priest.
The orc priest is severely wounded.
The orc priest hits you with a falchion.
* * * LOW HITPOINT WARNING * * *
You are too injured to fight recklessly!
You are too injured to fight recklessly!
You barely miss the orc priest.
The orc priest is severely wounded.
The orc priest calls down the wrath of Beogh upon you.
Something smites you!
You die...

########## #
.........####.#
##.##.#.......#
#......##.#
###..#.#
#.####....#
#........##
######.#.###.#
#.)@....#
###o##### #.#
#..รท........
#....####..
#...## ##.## #.
#.


You could see an orc priest.

Vanquished Creatures
  An orc wizard (D:2)
  An orc priest (D:5)
  An iguana (D:3)
  A worker ant (D:4)
  5 adders
  3 gnolls
  2 giant mites
  A worm (D:2)
  A giant gecko (D:2)
  2 oozes (D:2)
  8 orcs
  A ball python (D:3)
  5 giant cockroaches
  9 goblins
  16 hobgoblins
  4 jackals
  8 kobolds
  4 quokkas
  8 bats
  3 giant newts
  5 rats
  A rat skeleton (D:4)
90 creatures vanquished.

Notes
Turn   | Place    | Note
--------------------------------------------------------------
     0 | D:1      | wvc, the Halfling Fighter, began the quest for the Orb.
     0 | D:1      | Reached XP level 1. HP: 15/15 MP: 1/1
   126 | D:1      | Reached XP level 2. HP: 17/20 MP: 2/2
   764 | D:1      | Reached skill level 1 in Dodging
  1064 | D:1      | Reached XP level 3. HP: 12/25 MP: 3/3
  1230 | D:2      | Reached XP level 4. HP: 20/30 MP: 4/4
  1536 | D:2      | Reached skill level 4 in Long Blades
  1739 | D:2      | Reached XP level 5. HP: 35/35 MP: 5/5
  2322 | D:3      | Reached skill level 5 in Long Blades
  2752 | D:3      | Reached XP level 6. HP: 41/41 MP: 6/6
  3457 | D:4      | Reached skill level 6 in Long Blades
  3517 | D:5      | Entered Level 5 of the Dungeon
  3786 | D:5      | Killed from afar by an orc priest

Action                   |  1- 3 |  4- 6 || total
-------------------------+-------+-------++-------
Melee: Long sword        |    67 |   259 ||   326
Throw: Tomahawk          |       |     3 ||     3
  Use: Scroll            |     3 |     8 ||    11
  Eat: Pizza             |     1 |     1 ||     2
       Chunk             |       |     7 ||     7
